 Dungeon Crawl Stone Soup version 0.31.0-9-g3a7656b989 (webtiles) character file.

Game seed: 16632650617185416164

658 ch1llma the Sneak (level 7, -1/60 HPs)
             Began as an Armataur Delver on Jan 27, 2024.
             Was a Follower of Elyvilon.
             Slain by a wyvern (10 damage)
             ... led by a gnoll sergeant
             ... on level 5 of the Dungeon.
             The game lasted 00:12:26 (3336 turns).

ch1llma the Sneak (Armataur Delver)                 Turns: 3336, Time: 00:12:27

Health: -1/60      AC:  6    Str: 30    XL:     7   Next: 29%
Magic:  8/8        EV: 14    Int:  9    God:    Elyvilon [*.....]
Gold:   180        SH:  0    Dex:  8    Spells: 6/6 levels left

rFire   . . .        a - +1 mace (elec)
rCold   + . .        (no shield)
rNeg    . . .        l - +2 robe {Will+}
rPois   .            (no helmet)
rElec   .            (no cloak)
rCorr   .            (no gloves)
SInv    .            (no barding)
Will    +....        (no amulet)
Stlth   +++          y - ring of Doubts {Fly EV+5}
HPRegen 0.30/turn    z - +6 ring of strength
MPRegen 0.11/turn

%: roll
@: flying, studying Throwing
A: large, deformed body, tough skin 3, armoured tail, roll 2, clumsy 1, cold
resistance 1, strong 1, inability to read after injury 1
a: Renounce Religion, Purification


You were on level 5 of the Dungeon.
You worshipped Elyvilon.
Elyvilon was aware of your devotion.
You visited 2 branches of the dungeon, and saw 6 of its levels.

You collected 180 gold pieces.

Inventory:

Hand Weapons
 a - a +1 mace of electrocution (weapon)
Missiles
 c - a boomerang (quivered)
 j - 5 poisoned darts
Armour
 f - a +2 leather armour of fire resistance
 l - a +2 robe of willpower (worn)
Jewellery
 b - a +4 ring of protection
 e - a ring of magical power
 u - a ring of see invisible
 y - the ring of Doubts (left hand) {Fly EV+5}
   (You found it on level 4 of the Dungeon)

   [ring of evasion]

   EV+5:      It affects your evasion (+5).
   Fly:       It grants you flight.
 z - a +6 ring of strength (right hand)
 B - a ring of protection from fire
Talismans
 h - a flux talisman
 p - a beast talisman
Wands
 g - a wand of digging (3)
 i - a wand of polymorph (6)
Scrolls
 d - 2 scrolls of revelation
 t - a scroll of enchant armour {unknown}
 x - a scroll of teleportation {unknown}
Potions
 k - a potion of attraction
 m - 2 potions of might
 n - a potion of cancellation {unknown}
 s - a potion of lignification
 w - a potion of berserk rage {unknown}


   Skills:
 * Level 4.5 Fighting
 + Level 3.0 Maces & Flails
 + Level 3.8 Throwing
 + Level 2.8 Armour
 - Level 1.3 Dodging
 + Level 6.3 Stealth
 + Level 2.2 Invocations
 + Level 2.4 Evocations


You had 6 spell levels left.
You didn't know any spells.
Your spell library was empty.

Dungeon Overview and Level Annotations

Branches:
Dungeon (5/15)             Temple (1/1) D:4

Altars:
Ashenzari
Cheibriados
Elyvilon
Fedhas
Gozag
Kikubaaqudgha
Makhleb
Nemelex Xobeh
Qazlal
Ru
Sif Muna
Trog
Uskayaw
Vehumet
Xom
Yredelemnul
Zin


Innate Abilities, Weirdness & Mutations

Armour fits poorly on your strangely shaped body.
You have extremely tough skin. (AC +3)
You have a long armoured tail.
You regenerate magic and health when rolling toward enemies. (Rampage Regen)
You are clumsy. (Dex -2)
Your flesh is cold resistant. (rC+)
Your muscles are strong. (Str +4, Int/Dex -1)
You occasionally lose the ability to read scrolls when taking damage.


Message History

You are too injured to fight recklessly!
You are too injured to fight recklessly!
You hit the gnoll sergeant but do no damage.
You tail-slap the gnoll sergeant, but do no damage.
The gnoll sergeant is heavily wounded.
The gnoll sergeant closely misses you.
The gnoll sergeant hits you with a +2 trident of protection!
* * * LOW HITPOINT WARNING * * *
The gnoll sergeant closely misses you.
As you read the scroll labelled NADWO HUAR, it crumbles to dust.
It is a scroll of brand weapon.
Your +1 mace crackles with electricity.
a - a +1 mace of electrocution (weapon)
The gnoll sergeant hits you but does no damage.
As you read the scroll labelled BAESAH XADDA, it crumbles to dust.
It is a scroll of amnesia.
You feel forgetful for a moment.
The gnoll sergeant hits you from afar with a +2 trident of protection!
* * * LOW HITPOINT WARNING * * *
Okay, then.
Okay, then.
As you read the scroll of fear, it crumbles to dust.
You assume a fearsome visage.
The gnoll sergeant looks frightened!
The gnoll looks frightened!
Unknown command.
Aiming: Polymorph
Press: ? - help, Shift-Dir - straight line, f - gnoll
Aim: a gnoll, wielding a +0 halberd (will become a goblin, a jackal, or a killer bee, chance to affect: 64%)
The gnoll evaporates and reforms as a killer bee!
Aiming: Polymorph
Press: ? - help, Shift-Dir - straight line, f/p - killer bee
Aim: a killer bee (will become a bat, a swamp drake, or a wyvern, chance to affect: 64%)
The killer bee struggles to resist.
The killer bee closely misses you.
The killer bee stings you but does no damage.
Aiming: Polymorph
Press: ? - help, Shift-Dir - straight line, f/p - killer bee
Aim: a killer bee (will become a bat, a swamp drake, or a wyvern, chance to affect: 64%)
The killer bee evaporates and reforms as a wyvern!
The wyvern bites you!
You die...

.. ............##......# ###
######.#####....##...##.# ..
.....................##.#
####.....#.#.............##.#
#........#.#.###.#####.#..#.##
....####.#.#.# #.# #.......#
#.#......#.#.# #.# ###.###.###
#.#.######.#.###.#######.###...##
................@k.).............
..#..#######.###.#######.#.##....
.........# #.# #.# #.#.####.#
.####..#.###.# #.# #.#.g.g...
.......#.....# #.# #.######.g
#####.######## #.# #.#.......
###.### #.# #.#.####.. #....)#
#.# .... #g. #.....# #.#
##.####g.


You could see a wyvern.

Vanquished Creatures
  Grinder (D:4)
  Eustachio (D:4)
  A scorpion (D:5)
  A bombardier beetle (D:5)
  Natasha (thrice) (D:4)
  A gnoll (D:5)
  5 adders
  2 ufetubi (D:5)
  3 dart slugs
  2 ribbon worms (D:4)
  3 orcs (D:4)
  11 endoplasms
  2 giant cockroaches (D:2)
  6 goblins
  7 hobgoblins
  4 quokkas
  8 ball pythons
  9 bats
  3 frilled lizards
  6 kobolds
  3 rats
82 creatures vanquished.

Notes
Turn   | Place    | Note
-------+----------+-------------------------------------------
     0 | D:5      | ch1llma the Armataur Delver began the quest for the Orb.
     0 | D:5      | Reached XP level 1. HP: 18/18 MP: 1/1
    29 | D:5      | Noticed an ogre
    64 | D:5      | Noticed a hound
    89 | D:5      | Noticed a scorpion
    95 | D:5      | Noticed a gnoll sergeant
   173 | D:3      | Found a sacrificial altar of Ru.
   394 | D:2      | Reached XP level 2. HP: 22/25 MP: 2/2
   413 | D:2      | Reached skill level 1 in Throwing
   547 | D:1      | Reached XP level 3. HP: 31/31 MP: 3/3
  1558 | D:3      | Reached skill level 1 in Evocations
  1810 | D:3      | Found a white marble altar of Elyvilon.
  1816 | D:3      | Reached XP level 4. HP: 38/38 MP: 4/4
  2083 | D:3      | Became a worshipper of Elyvilon the Healer
  2286 | D:4      | Reached skill level 1 in Armour
  2308 | D:4      | Identified the ring of Doubts {Fly EV+5}
  2329 | D:4      | Found a shimmering altar of Xom.
  2373 | D:4      | Noticed Natasha
  2384 | D:4      | Killed Natasha
  2385 | D:4      | Reached skill level 1 in Invocations
  2502 | D:4      | Reached XP level 5. HP: 45/45 MP: 5/5
  2516 | D:4      | Gained mutation: You expend magic power (3 MP) to
                  | strengthen your wands. [potion of mutation]
  2516 | D:4      | Gained mutation: You occasionally lose the ability to read
                  | scrolls when taking damage. [potion of mutation]
  2517 | D:4      | Lost mutation: You occasionally lose the ability to read
                  | scrolls when taking damage. [potion of mutation]
  2517 | D:4      | Lost mutation: You expend magic power (3 MP) to strengthen
                  | your wands. [potion of mutation]
  2517 | D:4      | Gained mutation: You are clumsy. (Dex -2) [potion of
                  | mutation]
  2517 | D:4      | Gained mutation: Your muscles are strong. (Str +4, Int/Dex
                  | -1) [potion of mutation]
  2517 | D:4      | Gained mutation: You occasionally lose the ability to read
                  | scrolls when taking damage. [potion of mutation]
  2517 | D:4      | Gained mutation: Your flesh is cold resistant. (rC+)
                  | [potion of mutation]
  2519 | D:4      | Noticed Natasha
  2523 | D:4      | Killed Natasha
  2526 | D:4      | Found a staircase to the Ecumenical Temple.
  2541 | Temple   | Entered the Ecumenical Temple
  2555 | D:4      | Noticed Grinder
  2563 | D:4      | Paralysed by Grinder for 4 turns
  2569 | D:4      | Noticed Natasha
  2579 | D:4      | Killed Grinder
  2580 | D:4      | Reached skill level 6 in Stealth
  2580 | D:4      | Reached XP level 6. HP: 29/52 MP: 5/7
  2717 | D:4      | Noticed Eustachio
  2779 | D:4      | Killed Eustachio
  2834 | D:4      | Found a burning altar of Makhleb.
  2834 | D:4      | Found a glowing silver altar of Zin.
  2835 | D:4      | Noticed an angel
  2835 | D:4      | Noticed a blizzard demon
  2848 | D:4      | Identified the orb "Natsonoe" {*Rage, Regen+ Str+4 Int-5}
  2871 | D:4      | Killed Natasha
  2872 | D:4      | Gained mutation: You regenerate magic and health when
                  | rolling toward enemies. (Rampage Regen) [Armataur growth]
  2872 | D:4      | Reached XP level 7. HP: 58/60 MP: 8/8
  3056 | D:4      | Reached * piety under Elyvilon
  3336 | D:5      | a killer bee changed into a wyvern
  3336 | D:5      | Noticed a wyvern
  3336 | D:5      | Slain by a wyvern

Illustrated notes

Levels and vault maps discovered:
D:1:      co_arrival_square_in_a_square_in_a_square, layout_rooms,
          chequers_serial_rivers_marsh, nrook_loot_triangle
D:2:      layout_rooms, kennysheep_cross_bottleneck
D:3:      layout_loops_cross, nicolae_overflow_crystal_walls, elyvilon_altar_1
D:4:      layout_loops_ring, old_standard_altar,
          grunt_temple_overflow_order_and_chaos_2, temple_pool_b,
          roderic_batcave, uniq_eustachio, uniq_grinder, uniq_natasha
D:5:      layout_basic
Temple:   hellmonk_temple_two_chambers

Skill      XL: |  1  2  3  4  5  6  7 |
---------------+----------------------+-----
Throwing       | 1 2 3 |  3.8
Fighting       | 3 4 |  4.5
Maces & Flails | 2 3 |  3.0
Evocations     | 1 2 |  2.4
Armour         | 1 2 |  2.8
Invocations    | 1 2 |  2.2
Stealth        | 6 |  6.3
Dodging        | |  1.3

Action                     |  1- 3 |  4- 6 |  7- 9 || total
---------------------------+-------+-------+-------++-------
  Melee: Mace              |    91 |   101 |    32 ||   224
         Tailslap          |     8 |    12 |     4 ||    24
         Punch             |       |     1 |     1 ||     2
  Throw: Boomerang         |       |    23 |     2 ||    25
         Dart              |       |     5 |       ||     5
  Evoke: Wand              |       |       |     3 ||     3
    Use: Scroll            |     8 |     3 |     4 ||    15
         Potion            |       |     4 |       ||     4
   Stab: Sleeping          |    17 |     5 |     2 ||    24
 Armour: Robe              |    40 |    71 |    33 ||   144
         Leather armour    |     2 |       |       ||     2
  Dodge: Dodged            |    42 |    78 |    60 ||   180
